 Dungeon Crawl Stone Soup version 0.17.0-1-g61d176b (webtiles) character file.

425562 HaroldButt the Champion of Chaos (level 25, -4/216 HPs)
             Began as a Formicid Gladiator on Nov 6, 2015.
             Was the Champion of Makhleb.
             Killed from afar by a fire giant (8 damage)
             ... with a bolt of fire
             ... on level 5 of the Depths on Nov 7, 2015.
             The game lasted 04:41:02 (57067 turns).

HaroldButt the Champion of Chaos (FoGl)            Turns: 57067, Time: 04:41:02

Health: -4/216     AC: 26    Str: 24    XL:     25   Next: 28%
Magic:  55/55      EV: 22    Int:  7    God:    Makhleb [******]
Gold:   1425       SH: 24    Dex: 26    Spells: 1 memorised, 22 levels left

rFire  + . .     SeeInvis +     u - +9 quarterstaff (freeze)
rCold  + . .     Clarity  .     V - +5 chain mail of Zuomezun {rF+ Regen+ MP+9 Int-5}
rNeg   + + .     SustAt   .     E - +2 large shield
rPois  +         Gourm    .     (helmet unavailable)
rElec  .         Spirit   .     (no cloak)
rCorr  .         Warding  +     P - +2 pair of gloves
rMut   .         Stasis   +     H - +0 pair of boots of Makhleb's Whim {MP+9 Dex+3}
MR     ++...                    M - amulet of warding
Stlth  ..........               g - ring of Dogma {rPois rN+ Str+3 Dex+5}
                                Y - ring of protection from cold

@: very resistant to hostile enchantments, extremely unstealthy
A: permanent stasis, dig shafts and tunnels, four strong arms, antennae 3,
rugged brown scales 1, poison resistance
a: Dig, Shaft Self, Minor Destruction, Lesser Servant of Makhleb, Major
Destruction, Greater Servant of Makhleb, Renounce Religion
}: 1/15 runes: gossamer


You were on level 5 of the Depths.
You worshipped Makhleb.
Makhleb was exalted by your worship.
You were hungry.

You visited 7 branches of the dungeon, and saw 44 of its levels.
You also visited: Ice Cave.

You collected 4244 gold pieces.
You spent 2819 gold pieces at shops.

Inventory:

Hand Weapons
 u - a +9 quarterstaff of freezing (weapon)
 y - a +0 blowgun
Missiles
 f - a curare-tipped needle
 l - 165 poisoned needles
 r - 20 throwing nets (quivered)
Armour
 i - a +1 cloak of poison resistance
 E - a +2 large shield (worn)
 H - the +0 pair of boots of Makhleb's Whim (worn) {MP+9 Dex+3}
   (You bought it in a shop on level 4 of the Orcish Mines)

   It affects your dexterity (+3).
   It affects your magic capacity (+9).
 P - a +2 pair of gloves (worn)
 V - the +5 chain mail of Zuomezun (worn) {rF+ Regen+ MP+9 Int-5}
   (You bought it in a shop on level 2 of the Orcish Mines)

   It affects your intelligence (-5).
   It protects you from fire.
   It affects your magic capacity (+9).
   It increases your rate of regeneration.
Jewellery
 g - the ring of Dogma (right hand) {rPois rN+ Str+3 Dex+5}
   (You took it off a merfolk on level 4 of the Shoals)

   [ring of poison resistance]

   It affects your strength (+3).
   It affects your dexterity (+5).
   It protects you from poison.
   It protects you from negative energy.
 C - an uncursed amulet of resist mutation
 F - an uncursed ring of protection from fire
 M - an amulet of warding (around neck)
 N - the ring of Lofac {rElec rPois rF+ Dex+2, unknown}
   (You took it off a fire giant on level 4 of the Depths)

   [ring of poison resistance]

   It affects your dexterity (+2).
   It protects you from fire.
   It insulates you from electricity.
   It protects you from poison.
 Q - an uncursed ring of protection from magic
 R - an uncursed ring of protection from magic
 Y - a ring of protection from cold (left hand)
Wands
 j - a wand of invisibility (2)
 k - a wand of cold (5)
 x - a wand of disintegration (4)
 z - a wand of disintegration (14)
 T - a wand of lightning (8)
Scrolls
 a - 6 scrolls of holy word
 b - 12 scrolls of fear
 e - 19 scrolls of identify
 h - a scroll of summoning
 m - 20 scrolls of remove curse
 q - 5 scrolls of recharging
 t - 4 scrolls of fog
 v - 4 scrolls of immolation
 B - 5 scrolls of enchant armour
 I - 2 scrolls of magic mapping
 O - a scroll of silence
 Z - 4 scrolls of amnesia
Potions
 c - 6 potions of magic
 n - 12 potions of flight
 o - 7 potions of brilliance
 w - 6 potions of cancellation
 A - 3 potions of resistance
 G - 3 potions of invisibility
 J - 3 potions of agility
 L - a potion of might
 S - 4 potions of curing
 X - 4 potions of ambrosia
Books
 D - a book of Minor Magic

   Spells                             Type                      Level
   a - Magic Dart                     Conjuration                  1
   b - Blink                          Translocation                2
   c - Call Imp                       Summoning                    2
   d - Repel Missiles                 Charms/Air                   2
   e - Slow                           Hexes                        2
   f - Conjure Flame                  Conjuration/Fire             3
   g - Mephitic Cloud                 Conjuration/Poison/Air       3
Comestibles
 d - 23 bread rations
 p - 23 beef jerkies
 s - 20 meat rations
 K - 10 chunks of flesh


   Skills:
 + Level 19.6 Fighting
 - Level 15.0 Staves
 - Level 1.5 Throwing
 + Level 18.3 Armour
 + Level 14.3 Dodging
 + Level 15.6 Shields
 - Level 9.0 Transmutations
 - Level 10.2 Earth Magic
 + Level 21.1 Invocations


You had 22 spell levels left.
You knew the following spells:

 Your Spells              Type           Power        Failure   Level  Hunger
a - Stoneskin             Trmt/Erth      ##......     6%          2    ###....


Dungeon Overview and Level Annotations

Branches:
Dungeon (15/15)            Temple (0/1) D:6            Lair (8/8) D:11
 Shoals (4/4) Lair:6       Spider (4/4) Lair:6        Slime (0/6) Lair:8
    Orc (4/4) D:11            Elf (0/3) Orc:3        Vaults (4/5) D:13
  Crypt (0/3) Vaults:3     Depths (5/5) D:15
    Zot: Depths:5

Altars:
Cheibriados
Elyvilon
Fedhas
Gozag
Kikubaaqudgha
Makhleb
Nemelex Xobeh
Qazlal
Sif Muna
Trog
Vehumet
Yredelemnul
Zin
Jiyva

Shops:
D:10 [   D:13 *   Orc:2 !?![   Orc:4 (=*[   Shoals:2 =   Vaults:3 ?

Portals:
Hell: Depths:1 Depths:2 Depths:3 Depths:4 Depths:5
Abyss: Depths:3 Depths:4 Depths:5
Pandemonium: Depths:3
Ziggurat: Depths:2
Trove: Vaults:1 (give 2 potions of cure mutation)

Annotations:
Lair:4 six-headed hydra
Orc:1 spider free exp
Orc:2 !a FUCKING ORC WARLORD JESUS FUCK
Depths:1 1 runed door, exclusion: orange crystal statue
Depths:2 ziggurat shenanigans with bad muts, 6 exclusions


Innate Abilities, Weirdness & Mutations

You are under a permanent stasis effect.
You can dig through walls and to a lower floor.
Your four strong arms can wield two-handed weapons with a shield.
You have a pair of large antennae on your head (SInv).
You are partially covered in rugged brown scales (AC +1, +3% HP).
Your system is resistant to poisons.


Message History

The fire giant shouts!
The fire giant gestures at you while chanting.
The bolt of fire misses you.
A mana viper comes into view.
The mana viper changes into a wind drake!
The tengu reaver casts a spell at you. The bolt of lightning hits you!
* * * LOW HITPOINT WARNING * * *
The bolt of lightning misses you.
The battlesphere fires!
The barrage of energy hits you!
* * * LOW HITPOINT WARNING * * *
You extend your mandibles.
You dig through the rock wall.
You retract your mandibles.
The battlesphere dissipates.
You can't shaft yourself on this level.
You can't shaft yourself on this level.
A demon appears!
You feel somewhat more hungry. The fire giant casts a spell at you.
The bolt of fire hits you! You resist.
You die...

#.....#.....#^.##G...#...
#.....#.....#.. #....#.# .
.#.#.#.......#. #......##..
..#.#.#.###..#. ##.{.....#
.#.....#...#.#. #QQ.ยง...##
#.<.<.#.....#.. #.C.......
...^...#....# #{{.......
#.<.<.#.....#.#####C######
.....#.#...# #..@..........
#.#.#(..# #.1#...#......
...#.#(#.....#..#..###..#..
#....(#.....#.....## #.#
#.....#.....#....## #..
#.....#.....#...# #.#
.#...#.........# { { #.
..#.#...###...#
##.#.###.....#


You could see a fire giant and a friendly Executioner.

Vanquished Creatures
  A juggernaut (Depths:4)
  Norris (Depths:2)
  A caustic shrike (shapeshifter) (Vaults:2)
  Nikola (Spider:1)
  2 golden dragons
  Jorgrun (Vaults:1)
  4 liches
  A tentacled monstrosity (Depths:5)
  3 titans
  Asterion (Vaults:1)
  A quicksilver dragon (Depths:4)
  2 sphinxes
  Frances (Shoals:1)
  3 tengu reavers
  Roxanne (Spider:1)
  7 fire giants
  Donald (Shoals:3)
  9 frost giants
  2 deep elf sorcerers (Depths:3)
  2 balrugs
  3 vault wardens (Vaults:4)
  3 iron dragons
  Aizul (Shoals:1)
  3 ghost moths (Spider:4)
  5 emperor scorpions
  2 orc warlords
  2 caustic shrike zombies
  A spriggan defender (Depths:4)
  5 vampire knights
  13 stone giants
  13 very ugly things
  6 ironheart preservers
  A juggernaut skeleton (Depths:1)
  Nessos (Lair:7)
  A deep elf annihilator (Depths:4)
  A salamander stormcaller (Vaults:4)
  14 ettins
  Snorg (Orc:3)
  A deep elf death mage (Depths:3)
  4 merfolk javelineers
  8 yaktaur captains
  3 vault guards (Vaults:4)
  16 great orbs of eyes
  6 merfolk impalers
  4 fire dragons
  The ghost of imganon the Severer, a journeyman DsBe of Trog (Lair:3)
  2 rakshasas
  Harold (D:10)
  7 entropy weavers
  A deep elf high priest (Depths:3)
  A monstrous demonspawn (Depths:3)
  5 spriggan air magi
  9 ice dragons
  3 merfolk avatars
  10 hydras
  6 merfolk aquamancers
  4 centaur warriors
  An alligator snapping turtle (Shoals:1)
  9 deep troll shamans
  11 death yaks
  12 ogre magi
  3 satyrs (Shoals:4)
  A titan zombie (Depths:4)
  2 spriggan berserkers
  4 orc high priests (Orc:4)
  A queen ant (Lair:4)
  11 deep troll earth magi
  6 tengu warriors
  2 vampire magi
  Urug (D:11)
  2 sun demons (Depths:2)
  2 hell knights
  Sonja (Lair:4)
  A soul eater (Depths:4)
  9 skeletal warriors
  6 sea snakes
  3 fire crabs
  4 unseen horrors
  A deep elf knight (Vaults:2)
  8 giant orange brains
  An unseen horror (shapeshifter) (Depths:5)
  2 wizards
  38 deep trolls
  7 ironbrand convokers
  18 harpies
  5 hill giants
  A tengu zombie (Depths:4)
  A sphinx zombie (Depths:4)
  5 necromancers
  18 orb spiders
  4 phantasmal warriors
  13 griffons
  A stone giant zombie (Vaults:4)
  A shadow dragon zombie (Depths:4)
  3 frost giant zombies
  21 fauns
  3 deep elf conjurers
  41 wolf spiders
  An iron dragon zombie (Depths:4)
  50 ugly things
  14 orc knights
  2 salamanders (shapeshifter)
  4 manticores
  5 centaur zombies
  3 orc sorcerers
  9 hornets
  8 cyclopes
  5 elephants
  2 moths of wrath
  4 water nymphs
  A fire giant skeleton (Depths:1)
  A moth of wrath (shapeshifter) (Depths:3)
  An orange demon (Depths:3)
  8 sirens
  9 vault sentinels
  A faun (shapeshifter) (Vaults:4)
  3 centaur skeletons
  3 black mambas
  17 eyes of devastation (Depths:2)
  A gargoyle (D:11)
  11 spiny frogs
  A yaktaur zombie (Vaults:1)
  An efreet (D:14)
  A komodo dragon (shapeshifter) (Vaults:4)
  2 elf zombies (Depths:4)
  3 kobold demonologists
  A fire drake (shapeshifter) (Vaults:4)
  A spriggan skeleton (Depths:4)
  3 deep elf priests
  4 komodo dragons
  2 fire drakes
  11 demonic crawlers
  6 freezing wraiths
  43 yaktaurs
  24 merfolk
  22 two-headed ogres
  A wind drake (Shoals:4)
  A blue devil (Depths:3)
  22 jumping spiders
  10 trolls
  8 polar bears (Lair:8)
  8 slime creatures
  25 blink frogs
  A raiju (Lair:8)
  7 snapping turtles
  An ettin zombie (Vaults:4)
  A two-headed ogre (shapeshifter) (Depths:5)
  A trapdoor spider zombie (D:10)
  The ghost of Sheev the Conjurer, an amateur HuAE (D:6)
  5 boulder beetles
  2 spriggans
  22 trapdoor spiders
  A fire dragon skeleton (Depths:1)
  3 shadows
  76 redbacks
  Sigmund (D:5)
  30 tarantellas
  6 air elementals
  A tarantella (shapeshifter) (D:15)
  3 wyverns
  3 golden eyes (Depths:2)
  4 deep elf magi
  11 vampire mosquitoes
  14 water elementals
  A yaktaur simulacrum (Vaults:1)
  4 hungry ghosts
  2 basilisks
  A chaos spawn (Depths:3)
  7 hippogriffs
  2 steam dragons
  58 yaks
  4 deep elf fighters
  11 soldier ants
  2 wraiths
  Edmund (D:5)
  A mottled dragon (D:15)
  A warg (shapeshifter) (Depths:1)
  18 wargs
  14 water moccasins
  12 wolves
  5 hell hounds (Lair:8)
  26 spiders
  10 porcupines
  13 ice beasts
  2 wasps
  An eye of draining (shapeshifter) (Depths:4)
  15 black bears
  2 sky beasts
  49 ogres
  3 phantoms
  An ettin simulacrum (Vaults:4)
  6 boggarts (Vaults:2)
  A necrophage (D:11)
  40 orc warriors
  13 centaurs
  24 crocodiles
  A brain worm (D:15)
  2 big kobolds
  22 giant frogs
  2 wyvern skeletons
  5 scorpions
  A human simulacrum (Vaults:1)
  5 wights
  25 killer bees
  2 electric eels
  3 crimson imps
  2 quasits (D:11)
  3 giant frog skeletons
  16 hounds
  5 jellies
  A giant frog zombie (D:10)
  Crazy Yiuf (D:7)
  5 iguanas
  22 orc priests
  Terence (D:2)
  Natasha (thrice) (D:2)
  19 sheep
  29 worker ants
  35 orc wizards
  A hound skeleton (D:6)
  11 gnolls
  20 adders
  34 river rats
  5 shadow imps
  5 oozes
  An ooze (shapeshifter) (Depths:1)
  An adder zombie (D:6)
  4 worms
  An adder skeleton (D:5)
  6 giant geckos
  215 orcs
  2 ball pythons
  8 giant cockroaches
  14 hobgoblins
  14 jackals
  4 quokkas
  5 bats
  2 giant newts
  13 goblins
  20 kobolds
  13 rats
  6 plants
2019 creatures vanquished.

Vanquished Creatures (collateral kills)
  Polyphemus (Shoals:3)
  A shadow dragon (Depths:4)
  Ilsuiw (Shoals:4)
  A frost giant (Depths:3)
  Louise (Spider:3)
  A reaper (Spider:2)
  A very ugly thing (Vaults:4)
  An ironheart preserver (Vaults:4)
  3 merfolk impalers
  An ogre mage (Depths:4)
  A rakshasa (Depths:4)
  A catoblepas (Shoals:3)
  4 entropy weavers
  4 death yaks (Shoals:3)
  3 deep troll earth magi
  A soul eater (Depths:4)
  A storm dragon zombie (Depths:4)
  A skeletal warrior (Depths:4)
  A golden dragon zombie (Depths:4)
  2 deep trolls (Depths:4)
  A shadow dragon zombie (Depths:4)
  A necromancer (Depths:4)
  An anubis guard (shapeshifter) (Vaults:4)
  A wolf spider (Spider:2)
  An orb spider (Spider:1)
  4 fauns (Shoals:4)
  A phantasmal warrior (Depths:4)
  2 ugly things (Vaults:4)
  A manticore (Shoals:1)
  A moth of wrath (Spider:3)
  A demonic crawler (Spider:3)
  A fire drake (Lair:7)
  2 jumping spiders (Spider:2)
  A spectral glowing shapeshifter (Depths:4)
  A two-headed ogre (Depths:4)
  4 merfolk
  A snapping turtle (Shoals:4)
  A trapdoor spider (Spider:2)
  9 redbacks
  A water elemental (Shoals:4)
  A porcupine (Lair:7)
  5 spiders
  5 ogres
  A giant frog (Lair:7)
  6 sheep (Lair:7)
  4 plants
89 creatures vanquished.

Vanquished Creatures (others)
  An ogre mage (Vaults:4)
  A vampire mage (Depths:5)
  An ironbrand convoker (Vaults:1)
  A griffon (Vaults:4)
  A wolf spider (Spider:4)
  A hippogriff (D:8)
  A deep troll skeleton (Vaults:1)
  An ogre (Vaults:4)
  An ice beast (D:7)
  A centaur (Vaults:1)
  A crimson imp (D:15)
  A jackal (Lair:8)
  A bush (D:10)
  14 fungi
  34 plants
61 creatures vanquished.

Grand Total: 2169 creatures vanquished

Notes
Turn   | Place    | Note
--------------------------------------------------------------
     0 | D:1      | HaroldButt the Formicid Gladiator began the quest for the Orb.
     0 | D:1      | Reached XP level 1. HP: 16/16 MP: 1/1
     0 | D:1      | Noticed a vine stalker skeleton
     6 | D:1      | Noticed a merfolk skeleton
     7 | D:1      | Noticed a vine stalker skeleton
     8 | D:1      | Noticed an elf skeleton
    13 | D:1      | Noticed a spriggan skeleton
    14 | D:1      | Noticed a spriggan skeleton
    19 | D:1      | Noticed a draconian skeleton
    19 | D:1      | Noticed a vine stalker skeleton
    21 | D:1      | Noticed a centaur skeleton
   217 | D:1      | Reached XP level 2. HP: 20/22 MP: 2/2
   538 | D:1      | Reached skill level 4 in Staves
   538 | D:1      | Reached XP level 3. HP: 27/27 MP: 3/3
   861 | D:2      | Reached XP level 4. HP: 17/33 MP: 4/4
  1096 | D:2      | Found a sparkling altar of Nemelex Xobeh.
  1348 | D:2      | Noticed Terence
  1494 | D:2      | Reached skill level 5 in Staves
  1529 | D:2      | Noticed Natasha
  1535 | D:2      | Killed Natasha
  1535 | D:2      | Reached XP level 5. HP: 33/38 MP: 5/5
  1556 | D:2      | Noticed Natasha
  1566 | D:2      | Killed Natasha
  1657 | D:2      | Found a glowing silver altar of Zin.
  1688 | D:2      | Killed Terence
  1933 | D:2      | Noticed Natasha
  1940 | D:2      | Killed Natasha
  2013 | D:2      | Found a burning altar of Makhleb.
  2013 | D:2      | Noticed a cacodemon
  2018 | D:2      | Noticed an orange demon
  2018 | D:2      | Noticed an orange demon
  2020 | D:2      | Became a worshipper of Makhleb the Destroyer
  2180 | D:3      | Reached skill level 6 in Staves
  2617 | D:3      | Reached XP level 6. HP: 41/44 MP: 6/6
  3211 | D:3      | Reached * piety under Makhleb
  3686 | D:4      | Gained mutation: You are partially covered in rugged brown scales (AC +1, +3% HP). [potion of beneficial mutation]
  4236 | D:4      | Reached skill level 7 in Staves
  4690 | D:4      | Reached XP level 7. HP: 46/53 MP: 7/7
  4691 | D:4      | Found a deep blue altar of Sif Muna.
  4692 | D:4      | Found a blossoming altar of Fedhas.
  4692 | D:4      | Found an ancient bone altar of Kikubaaqudgha.
  4696 | D:4      | Found a basalt altar of Yredelemnul.
  4696 | D:4      | Found a white marble altar of Elyvilon.
  4697 | D:4      | Found a bloodstained altar of Trog.
  5104 | D:5      | Entered Level 5 of the Dungeon
  5513 | D:5      | Reached ** piety under Makhleb
  5803 | D:5      | Reached skill level 5 in Fighting
  5856 | D:5      | Reached skill level 1 in Armour
  6098 | D:5      | Noticed Sigmund
  6114 | D:5      | Killed Sigmund
  6114 | D:5      | Reached XP level 8. HP: 44/63 MP: 8/8
  6317 | D:5      | Reached skill level 5 in Armour
  6381 | D:6      | Reached *** piety under Makhleb
  6882 | D:5      | Reached XP level 9. HP: 62/70 MP: 9/9
  6922 | D:5      | Noticed Edmund
  6932 | D:5      | Killed Edmund
  6932 | D:5      | Reached skill level 8 in Staves
  7272 | D:6      | Noticed Sheev's ghost (amateur HuAE)
  7328 | D:6      | Killed Sheev's ghost
  7328 | D:6      | Reached skill level 9 in Staves
  7418 | D:6      | Found a staircase to the Ecumenical Temple.
  8102 | D:7      | Noticed Crazy Yiuf
  8110 | D:7      | Killed Crazy Yiuf
  8171 | D:7      | Found a blossoming altar of Fedhas.
  8196 | D:7      | Reached skill level 10 in Staves
  8635 | D:7      | Reached XP level 10. HP: 61/76 MP: 10/10
  8788 | D:7      | Noticed an unseen horror
  8813 | D:7      | Killed an unseen horror
  8813 | D:7      | Reached skill level 11 in Staves
  8977 | D:8      | Reached **** piety under Makhleb
  9035 | D:8      | Reached skill level 12 in Staves
  9732 | D:8      | Found a glowing silver altar of Zin.
 10087 | D:9      | Reached skill level 13 in Staves
 10795 | D:9      | Found a stormy altar of Qazlal.
 10983 | D:10     | Entered Level 10 of the Dungeon
 10984 | D:10     | Found Ebaored's Antique Armour Shoppe.
 10989 | D:10     | Bought a pair of glowing gloves for 103 gold pieces
 10989 | D:10     | Bought a large shield for 103 gold pieces
 11043 | D:10     | Reached XP level 11. HP: 55/81 MP: 11/11
 11319 | D:10     | Reached skill level 14 in Staves
 11497 | D:10     | Reached ***** piety under Makhleb
 11522 | D:10     | Noticed a hill giant
 11539 | D:10     | Killed a hill giant
 11554 | D:10     | Reached skill level 15 in Staves
 11904 | D:10     | Noticed Harold
 11926 | D:10     | Killed Harold
 12706 | D:11     | Found a staircase to the Orcish Mines.
 12844 | D:11     | Noticed a cyan ugly thing
 12859 | D:11     | Killed a cyan ugly thing
 12891 | D:11     | Reached XP level 12. HP: 88/88 MP: 15/15
 12999 | D:11     | Noticed a hill giant
 13014 | D:11     | Killed a hill giant
 13014 | D:11     | Reached skill level 5 in Shields
 13014 | D:11     | Reached skill level 5 in Invocations
 13175 | D:11     | Found a staircase to the Lair.
 14150 | D:11     | Noticed Urug
 14164 | D:11     | Killed Urug
 14197 | D:11     | Reached ****** piety under Makhleb
 14249 | Lair:1   | Entered Level 1 of the Lair of Beasts
 14668 | Lair:1   | Found an opulent altar of Gozag.
 15650 | Lair:2   | Reached XP level 13. HP: 70/93 MP: 19/19
 15997 | Lair:2   | Reached skill level 10 in Shields
 16134 | Lair:2   | Reached skill level 10 in Invocations
 17185 | Lair:3   | Noticed imganon's ghost (journeyman DsBe)
 17212 | Lair:3   | Killed imganon's ghost
 18272 | Lair:4   | Noticed Sonja
 18308 | Lair:4   | Killed Sonja
 19969 | Lair:5   | Found a snail-covered altar of Cheibriados.
 19977 | Lair:5   | Reached XP level 14. HP: 100/100 MP: 23/23
 20564 | Lair:5   | Identified a +4 rod of clouds (9/9) (You found it on level 5 of the Lair of Beasts)
 21311 | Lair:6   | Found a hole to the Spider Nest.
 21524 | Lair:6   | Found a staircase to the Shoals.
 21954 | Lair:6   | Got a scorched emerald amulet
 22035 | Lair:6   | Reached skill level 15 in Shields
 22524 | Lair:7   | Noticed Nessos
 22580 | Lair:7   | Killed Nessos
 22637 | Lair:7   | Identified the amulet of Jomanate {Faith *Contam rN+ Int-4 Dex+4} (You found it on level 6 of the Lair of Beasts)
 23295 | Lair:7   | Reached skill level 5 in Dodging
 23295 | Lair:7   | Reached XP level 15. HP: 79/106 MP: 24/24
 23585 | Orc:1    | Entered Level 1 of the Orcish Mines
 24167 | Orc:2    | Found a radiant altar of Vehumet.
 24285 | Orc:2    | Found Davin's Distillery.
 24359 | Orc:2    | Bought a potion of heal wounds for 65 gold pieces
 24359 | Orc:2    | Bought 2 potions of curing for 78 gold pieces
 24359 | Orc:2    | Bought a potion of might for 52 gold pieces
 24427 | Orc:2    | Found a bloodstained altar of Trog.
 24438 | Orc:2    | Noticed an orc warlord
 24723 | Orc:3    | Found a staircase to the Elven Halls.
 24940 | Orc:3    | Noticed Snorg
 24952 | Orc:3    | Killed Snorg
 25247 | Orc:2    | Found Nane's Armour Boutique.
 25247 | Orc:2    | Found Hytas's Distillery.
 25335 | Orc:2    | Bought 2 potions of heal wounds for 150 gold pieces
 25335 | Orc:2    | Bought a potion of heal wounds for 75 gold pieces
 25335 | Orc:2    | Bought a potion of heal wounds for 75 gold pieces
 25335 | Orc:2    | Bought a potion of berserk rage for 75 gold pieces
 25335 | Orc:2    | Bought a potion of heal wounds for 75 gold pieces
 25351 | Orc:2    | Found Etag's Magic Scroll Boutique.
 25375 | Orc:2    | Killed an orc warlord
 25398 | Orc:2    | Bought a scroll of enchant armour for 75 gold pieces
 25398 | Orc:2    | Bought a scroll of enchant armour for 75 gold pieces
 25398 | Orc:2    | Bought a scroll of enchant weapon for 75 gold pieces
 25564 | Orc:2    | Bought the +5 chain mail of Zuomezun {rF+ Regen+ MP+9 Int-5} for 429 gold pieces
 25596 | Orc:4    | Entered Level 4 of the Orcish Mines
 25638 | Orc:4    | Found a frozen archway.
 25647 | IceCv    | Entered an ice cave
 25684 | IceCv    | Noticed BLOAX's ghost (journeyman MiFi)
 25836 | Orc:4    | Found Qofop's Antique Armour Emporium.
 25880 | Orc:4    | Bought a pair of crude boots for 294 gold pieces
 25896 | Orc:4    | Identified the +0 pair of boots of Makhleb's Whim {MP+9 Dex+3} (You bought it in a shop on level 4 of the Orcish Mines)
 26289 | Orc:4    | Found Natyb's Antique Weapon Boutique.
 26366 | Orc:4    | Noticed an orc warlord
 26555 | Orc:4    | Killed an orc warlord
 26603 | Orc:4    | Found Zoigom's Jewellery Shop.
 26666 | Orc:4    | Found Gijih's General Store.
 26712 | Orc:4    | Bought an uncursed ring of poison resistance for 240 gold pieces
 26735 | Orc:4    | Reached skill level 10 in Armour
 27423 | Lair:8   | Entered Level 8 of the Lair of Beasts
 28067 | Lair:8   | Found a runed door.
 28067 | Lair:8   | Found a viscous altar of Jiyva.
 28067 | Lair:8   | Found a staircase to the Slime Pits.
 28419 | Lair:8   | Reached XP level 16. HP: 121/121 MP: 25/25
 28490 | Lair:8   | Identified a +2 rod of clouds (13/13) (You found it on level 8 of the Lair of Beasts)
 29617 | D:12     | Got a pair of brightly glowing gloves
 29628 | D:12     | Identified the +1 pair of gloves of the Forsaken Stars {Int+3} (You found it on level 12 of the Dungeon)
 29912 | D:13     | Found Povvuiwke's Assorted Antiques.
 29984 | D:13     | Found a gate to the Vaults.
 30723 | D:14     | Identified a scroll of acquirement
 31023 | D:15     | Entered Level 15 of the Dungeon
 31154 | D:15     | Reached skill level 10 in Fighting
 31409 | D:15     | Found a staircase to the Depths.
 32209 | Spider:1 | Entered Level 1 of the Spider Nest
 32217 | Spider:1 | Noticed Roxanne
 32502 | Spider:1 | Killed Roxanne
 32510 | Spider:1 | Learned a level 2 spell: Stoneskin
 32657 | Spider:1 | Reached XP level 17. HP: 132/134 MP: 28/28
 32826 | Spider:1 | Reached skill level 15 in Invocations
 32872 | Spider:1 | Reached skill level 10 in Dodging
 32943 | Spider:1 | Noticed Nikola
 32985 | Spider:1 | Killed Nikola
 35256 | Spider:2 | Reached skill level 16 in Invocations
 35555 | Spider:3 | Noticed Louise
 35573 | Spider:3 | Killed Louise
 35858 | Spider:3 | Gained mutation: Your system is resistant to poisons. [helix card]
 36168 | Spider:4 | Entered Level 4 of the Spider Nest
 36422 | Spider:4 | Reached XP level 18. HP: 146/146 MP: 30/30
 36545 | Spider:4 | Reached XP level 19. HP: 151/153 MP: 31/31
 37072 | Spider:4 | Reached skill level 17 in Invocations
 37732 | Spider:4 | Got a gossamer rune of Zot
 38140 | Shoals:1 | Entered Level 1 of the Shoals
 38339 | Shoals:1 | Noticed Frances
 38351 | Shoals:1 | Killed Frances
 38654 | Shoals:1 | Noticed Aizul
 38682 | Shoals:1 | Killed Aizul
 39166 | Shoals:2 | Found Upuari Wuasa's Jewellery Shoppe.
 39943 | Shoals:3 | Noticed Polyphemus
 39947 | Shoals:3 | Reached skill level 18 in Invocations
 39958 | Shoals:3 | Killed Polyphemus
 39964 | Shoals:3 | Reached XP level 20. HP: 124/164 MP: 33/33
 40557 | Shoals:4 | Entered Level 4 of the Shoals
 40559 | Shoals:4 | Noticed Donald
 40962 | Shoals:3 | Killed Donald
 41114 | Shoals:4 | Noticed Ilsuiw
 41169 | Shoals:4 | Reached skill level 15 in Fighting
 41860 | Shoals:4 | Got a vibrating lapis lazuli ring
 41918 | Shoals:4 | Killed Ilsuiw
 42119 | Shoals:4 | Identified the Guide on Good Luck
 42678 | Vaults:1 | Entered Level 1 of the Vaults
 42755 | Vaults:1 | Noticed Asterion
 42795 | Vaults:1 | Killed Asterion
 42882 | Vaults:1 | Identified the ring of Dogma {rPois rN+ Str+3 Dex+5} (You took it off a merfolk on level 4 of the Shoals)
 42981 | Vaults:1 | Reached skill level 19 in Invocations
 43251 | Vaults:1 | Found a portal to a secret trove of treasure.
 43416 | Vaults:1 | Noticed Jorgrun
 43429 | Vaults:1 | Killed Jorgrun
 43865 | Vaults:1 | Got a brightly glowing ring mail
 43867 | Vaults:1 | Identified the +9 ring mail of the Butterfly {MP+9 Dex+4} (You found it on level 1 of the Vaults)
 44238 | Vaults:1 | Reached XP level 21. HP: 175/175 MP: 34/34
 45460 | Vaults:2 | Noticed a golden dragon
 45464 | Vaults:2 | Noticed a caustic shrike
 45464 | Vaults:2 | a golden dragon changed into a caustic shrike
 45476 | Vaults:2 | Killed a caustic shrike
 45587 | Vaults:3 | Reached skill level 15 in Armour
 45730 | Vaults:3 | Found Mudix's Magic Scroll Shop.
 45749 | Vaults:3 | Bought a scroll of acquirement for 780 gold pieces
 46483 | Vaults:3 | Found a staircase to the Crypt.
 46483 | Vaults:3 | Found an ancient bone altar of Kikubaaqudgha.
 46484 | Vaults:3 | Found a basalt altar of Yredelemnul.
 46554 | Vaults:3 | Reached skill level 20 in Invocations
 47485 | Vaults:4 | Reached XP level 22. HP: 182/186 MP: 36/36
 49105 | Depths:1 | Entered Level 1 of the Depths
 49678 | Depths:1 | Reached skill level 1 in Earth Magic
 49741 | Depths:1 | Reached skill level 1 in Transmutations
 49846 | Depths:1 | Found a runed door.
 49931 | Depths:1 | Found a gateway to Hell.
 50710 | Depths:2 | Noticed Norris
 50736 | Depths:2 | Reached XP level 23. HP: 180/195 MP: 37/37
 50767 | Depths:2 | Killed Norris
 50861 | Depths:2 | Got a crude chain mail
 50862 | Depths:2 | Identified the +4 chain mail of the Dropbear {+Blink Int+2 Dex+2} (You found it on level 2 of the Depths)
 50979 | Depths:2 | Found a gateway to a ziggurat.
 51662 | Depths:2 | Reached skill level 5 in Earth Magic
 51702 | Depths:2 | Lost intelligence.
 52419 | Depths:3 | Reached skill level 5 in Transmutations
 53627 | Depths:3 | Found a one-way gate to the infinite horrors of the Abyss.
 53712 | Depths:3 | Reached XP level 24. HP: 204/204 MP: 37/37
 53839 | Depths:3 | Found a one-way gate leading to the halls of Pandemonium.
 54653 | Depths:4 | Noticed a juggernaut
 54855 | Depths:4 | HP: 9/207 [titan/the air (8)]
 55472 | Depths:4 | Killed a juggernaut
 55602 | Depths:4 | Identified the Disquisition on Unholy Secrets
 55860 | Depths:4 | Got a warped lead ring
 55913 | Depths:4 | Reached skill level 10 in Earth Magic
 56207 | Depths:5 | Entered Level 5 of the Depths
 56390 | Depths:4 | Reached XP level 25. HP: 130/214 MP: 37/37
 56728 | Depths:5 | Reached skill level 21 in Invocations
 56922 | Depths:5 | Upgraded the game from 0.17.0 to 0.17.0-1-g61d176b
 57062 | Depths:5 | HP: 9/216 [battlesphere[a tengu reaver] (13)]
 57067 | Depths:5 | Killed from afar by a fire giant

Action                   |  1- 3 |  4- 6 |  7- 9 | 10-12 | 13-15 | 16-18 | 19-21 | 22-24 | 25-27 || total
-------------------------+-------+-------+-------+-------+-------+-------+-------+-------+-------++-------
Melee: Quarterstaff      |    91 |   229 |   484 |   979 |  2541 |  1791 |  2800 |  2641 |   252 || 11808
 Fire: Blowgun           |       |       |       |       |       |    16 |     4 |       |       ||    20
Throw: Throwing net      |       |     3 |       |     3 |       |       |     3 |     1 |       ||    10
       Tomahawk          |       |       |     7 |       |       |       |       |       |       ||     7
 Cast: Stoneskin         |       |       |       |       |       |       |       |     2 |       ||     2
Invok: Minor Destruction |       |       |       |       |     4 |     4 |    11 |       |       ||    19
       Greater Servant o |       |       |       |       |     1 |     6 |    10 |    10 |     1 ||    28
       Major Destruction |       |       |       |       |     3 |       |     8 |     3 |       ||    14
 Abil: Dig               |       |       |    10 |     8 |    16 |    17 |     9 |    16 |     6 ||    82
Evoke: Wand              |       |       |     2 |     1 |     1 |       |    11 |       |       ||    15
       Deck              |       |       |       |       |       |     5 |       |       |       ||     5
  Use: Scroll            |       |    11 |     3 |    10 |    15 |     5 |     9 |     3 |       ||    56
       Potion            |       |     5 |     1 |       |    18 |     6 |     3 |     5 |       ||    38
 Stab: Confused          |       |       |       |     3 |       |       |       |       |       ||     3
       Petrifying        |       |       |       |     2 |       |       |       |       |       ||     2
       Paralysed         |       |       |       |     5 |       |       |       |       |       ||     5
       Invisible         |       |       |       |       |     9 |       |       |       |       ||     9
       Distracted        |       |       |       |       |     1 |     5 |       |     2 |       ||     8
  Eat: Chunk             |       |     8 |    15 |    30 |    39 |    12 |    26 |    19 |     3 ||   152
       Fruit             |       |     3 |       |     1 |     5 |    11 |     8 |       |       ||    28
       Beef jerky        |       |     1 |       |       |       |       |     3 |    11 |       ||    15
       Pizza             |       |       |       |       |     2 |     4 |       |     1 |       ||     7
       Royal jelly       |       |       |       |       |       |     2 |     3 |       |       ||     5
